 Dungeon Crawl Stone Soup version 0.30-a0-718-geaa24f58ff (webtiles) character file.

Game seed: 11824236256392668822

218 Fenrisus the Firebug (level 5, 35/35 HPs)
             Began as a Demonspawn Fire Elementalist on Jan 25, 2023.
             Quit the game on level 4 of the Dungeon.
             The game lasted 00:16:22 (4517 turns).

Fenrisus the Firebug (Demonspawn Fire Elementalist) Turns: 4517, Time: 00:16:22

Health: 35/35      AC:  3    Str:  8    XL:     5   Next: 63%
Magic:  9/9        EV: 12    Int: 19    God:
Gold:   239        SH:  9    Dex: 13    Spells: 4/10 levels left

rFire   . . .      SeeInvis .    o - +0 short sword
rCold   . . .      Faith    .    (no shield)
rNeg    . . .      Spirit   .    a - +1 robe
rPois   .          Reflect  +    (no helmet)
rElec   .          Harm     .    (no cloak)
rCorr   .          Rampage  .    (no gloves)
Will    .....                    (no boots)
Stlth   ++                       j - amulet of reflection
HPRegen 0.25/turn                i - ring of wizardry
MPRegen 0.11/turn                (no ring)

@: no status effects
A: large bone plates 1, spiny 1, demonic touch 1
a: no special abilities


You were on level 4 of the Dungeon.
You visited 1 branch of the dungeon, and saw 4 of its levels.

You collected 239 gold pieces.

Inventory:

Hand Weapons
 o - a +0 short sword (weapon)
Armour
 a - a +1 robe (worn)
Jewellery
 i - a ring of wizardry (left hand)
 j - an amulet of reflection (around neck)
Scrolls
 b - a scroll of magic mapping
 c - a scroll of brand weapon
 n - a scroll of fear {unknown}
 p - a scroll of poison
Potions
 d - a potion of mutation {unknown}
 e - a potion of haste {unknown}
 f - a potion of invisibility {unknown}
 g - 2 potions of heal wounds {unknown}
 h - a potion of curing {unknown}
 k - a potion of flight {unknown}
 l - 2 potions of degeneration {unknown}
 m - a potion of berserk rage {unknown}


   Skills:
 + Level 2.9 Dodging
 + Level 2.9 Stealth
 + Level 3.0 Spellcasting
 + Level 2.5 Conjurations
 + Level 3.5 Fire Magic


You had 4 spell levels left.
You knew the following spells:

 Your Spells              Type           Power      Damage    Failure   Level
a - Foxfire               Conj/Fire      56%        2x1d6     1%          1
b - Scorch                Fire           32%        2d6       2%          2
c - Tukima's Dance        Hex            2%         N/A       17%         3

Your spell library contained the following spells:

 Spells                   Type           Power      Damage    Failure   Level
 Inner Flame              Hex/Fire       9%         N/A       9%          3
 Dazzling Flash           Conj/Hex       14%        N/A       11%         3
 Kindle Blastsparks       Fire/Tloc/Air  14%        2d11      12%         3
 Call Canine Familiar     Summ           2%         N/A       17%         3
 Confusing Touch          Hex            2%         N/A       17%         3
 Portal Projectile        Hex/Tloc       4%         N/A       17%         3
 Summon Guardian Golem    Hex/Summ       2%         N/A       17%         3
 Flame Wave               Conj/Fire      14%        2d6       17%         4
 Leda's Liquefaction      Hex/Erth       1%         N/A       50%         4


Dungeon Overview and Level Annotations

Branches:
Dungeon (4/15)
 Temple: D:4-7

Altars:


Innate Abilities, Weirdness & Mutations

You are partially covered in large bone plates. (SH +4)
You are partially covered in sharp spines.
Your touch may inflict minor irresistible damage on your foes.


Message History

An orc is nearby!
An orc is nearby!
An orc is nearby!
An orc is nearby!
Casting: Foxfire (safe; 1% risk of failure)
Confirm with . or Enter, or press ? or * to list all spells.
You conjure some foxfire!
Casting: Foxfire (safe; 1% risk of failure)
Confirm with . or Enter, or press ? or * to list all spells.
You conjure some foxfire!
The foxfire hits the orc.
The orc is lightly wounded.
The foxfire hits the orc.
You kill the orc!
You start resting.
Your foxfire dissipates!
You start resting.
You hear the slow hiss of a very distant avalanche of sand.
You start resting.
HP restored.
You start resting.
You hear the slow hiss of a very distant avalanche of sand.
You start resting.
Magic restored.
You start waiting.
You hear the hiss of a very distant avalanche of sand.
You start waiting.
You hear the hiss of a very distant avalanche of sand.
Things that are here:
a +0 dagger; a +0 robe; a +0 robe
Things that are here:
a +0 club; a +0 dagger; an orc corpse
Found a scroll of poison.
You see here a scroll of poison.
Found a bubbling sapphire potion.
l - 2 bubbling sapphire potions (gained 1)
You see here a scroll of poison.
p - a scroll of poison You hear the brisk hiss of a very distant avalanche of sand.
Unknown command.
Unknown command.
Are you sure you want to abandon this character and quit the game? (Confirm with "yes".)

#### #.. ##.## ##...##
......# ##....# ....#.#
.####.######## ###
.............###@#
#####.#.........#.....#
#.#.####.###.####.#
#.#.# #.# .# #####.#.#
#.# .# ......#.# #.# .#
...)#.#.# #.# .#
###.#.#.# ... ..
....#.#.# #.# .#


There were no monsters in sight!

Vanquished Creatures
  2 orc wizards (D:4)
  A gnoll (D:2)
  8 adders
  A dart slug (D:2)
  7 orcs
  7 bats
  6 endoplasms
  4 giant cockroaches
  4 goblins
  8 hobgoblins
  5 jackals
  3 kobolds
  3 quokkas
  7 ball pythons
  5 frilled lizards
  6 rats
77 creatures vanquished.

Vanquished Creatures (collateral kills)
  A goblin (D:3)
1 creature vanquished.

Vanquished Creatures (others)
  A dancing weapon (D:4)
  201 foxfires
202 creatures vanquished.

Grand Total: 280 creatures vanquished

Notes
Turn   | Place    | Note
-------+----------+-------------------------------------------
     0 | D:1      | Fenrisus the Demonspawn Fire Elementalist began the quest
                  | for the Orb.
     0 | D:1      | Reached XP level 1. HP: 13/13 MP: 3/3
    37 | D:1      | Got the Codex of Curses
   380 | D:1      | Gained mutation: You are partially covered in large bone
                  | plates. (SH +4) [demonic ancestry]
   380 | D:1      | Reached XP level 2. HP: 19/19 MP: 0/5
  1413 | D:2      | Gained mutation: You are partially covered in sharp spines.
                  | [demonic ancestry]
  1413 | D:2      | Reached XP level 3. HP: 24/24 MP: 3/6
  1561 | D:2      | Learned a level 2 spell: Scorch
  2239 | D:2      | Reached XP level 4. HP: 30/30 MP: 4/7
  3180 | D:3      | Gained mutation: Your touch may inflict minor irresistible
                  | damage on your foes. [demonic ancestry]
  3180 | D:3      | Reached XP level 5. HP: 35/35 MP: 1/9
  3427 | D:3      | Learned a level 1 spell: Foxfire
  3431 | D:3      | Learned a level 3 spell: Tukima's Dance
  4006 | D:3      | Found a faded altar of an unknown god.
  4517 | D:4      | Quit the game

Illustrated notes

Levels and vault maps discovered:
D:1:      amcnicky_arrival_choice, layout_basic, fountainhead
D:2:      minmay_wonky_spiral, layout_rooms, grunt_decor_clamped, dk_vineyard_1
D:3:      minmay_skewed_foursquare, layout_rooms, serial_curves, eino_curves_03,
          eino_curves_04, basic_ecumenical_altar
D:4:      layout_loops_ring, nicolae_ossuary_entry_catacombs, uniq_robin

Skill      XL: |  1  2  3  4  5 |
---------------+----------------+-----
Stealth        | 2 |  2.9
Dodging        | 2 |  2.9
Fire Magic     | 3 |  3.5
Conjurations   | 2 |  2.5
Spellcasting   | 3 |  3.0

Action                     |  1- 3 |  4- 6 || total
---------------------------+-------+-------++-------
  Melee: Unarmed           |    22 |     1 ||    23
         Punch             |     1 |       ||     1
         Short sword       |       |     3 ||     3
         Touch             |       |     1 ||     1
   Cast: Foxfire           |    65 |    60 ||   125
         Scorch            |    12 |     3 ||    15
         Tukima's Dance    |       |     8 ||     8
    Use: Potion            |     1 |     1 ||     2
         Scroll            |     5 |     2 ||     7
 Armour: Robe              |    10 |     3 ||    13
  Dodge: Dodged            |    34 |    10 ||    44
  Block: Other             |    13 |    13 ||    26

Table legend: (Time is in decaauts)
 A = Elapsed time spent in this place.
 B = Non-inter-level travel time spent in this place.
 C = Inter-level travel time spent in this place.
 D = Time resting spent in this place.
 E = Time spent auto-exploring this place.
 F = Levels seen in this place.
 G = Mean time per level.
                   A        B        C        D        E       F      G
               +--------+--------+--------+--------+--------+-----+--------+
         Total |   4520 |   2531 |   1989 |   1779 |    164 |   4 | 1130.0 |
       Dungeon |   4520 |   2531 |   1989 |   1779 |    164 |   4 | 1130.0 |
               +--------+--------+--------+--------+--------+-----+--------+

Top non-repeatable levels by time:
     D:3: 1510 daAuts
     D:1: 1374 daAuts
     D:2: 1272 daAuts
     D:4: 362 daAuts
